 Dungeon Crawl Stone Soup version 0.27.1-34-g3ba077fa99 (webtiles) character file.

Game seed: 6322410798878101374

6461 alasdair19 the Carver (level 10, -3/88 HPs)
             Began as a Minotaur Fighter on Jan 15, 2022.
             Was a Believer of Okawaru.
             Killed from afar by an electric eel (5 damage)
             ... with a bolt of electricity
             ... on level 9 of the Dungeon.
             The game lasted 00:22:00 (8173 turns).

alasdair19 the Carver (Minotaur Fighter)            Turns: 8173, Time: 00:22:00

Health: -3/88      AC: 17    Str: 23    XL:     10   Next: 68%
Magic:  11/11      EV: 12    Int:  6    God:    Okawaru [**....]
Gold:   230        SH: 17    Dex: 10    Spells: 9/9 levels left

rFire    + . .     SeeInvis .   z - +2 scimitar (holy)
rCold    . . .     Faith    .   c - +0 kite shield
rNeg     + . .     Spirit   .   t - +1 chain mail {rN+}
rPois    .         Reflect  +   (helmet restricted)
rElec    .         Harm     .   (no cloak)
rCorr    .         Rampage  .   G - +2 pair of gloves {Stlth+}
Will     .....                  b - +0 pair of boots
Stlth    ..........             f - amulet of reflection
HPRegen  0.24/turn              e - ring of protection from fire
MPRegen  0.12/turn              s - +4 ring of evasion

@: about to teleport
A: horns 2, retaliatory headbutt
a: Renounce Religion, Heroism


You were on level 9 of the Dungeon.
You worshipped Okawaru.
Okawaru was pleased with you.
You visited 2 branches of the dungeon, and saw 10 of its levels.

You collected 354 gold pieces.
You spent 124 gold pieces at shops.

Inventory:

Hand Weapons
 z - a +2 scimitar of holy wrath (weapon)
 H - a +2 dagger of venom
 I - a +1 short sword of protection
Missiles
 p - 9 boomerangs (quivered)
 E - 5 boomerangs of dispersal
Armour
 b - a +0 pair of boots (worn)
 c - a +0 kite shield (worn)
 t - a +1 chain mail of positive energy (worn)
 w - a +0 pair of gloves
 G - a +2 pair of gloves of stealth (worn)
Jewellery
 a - an amulet of faith
 e - a ring of protection from fire (left hand)
 f - an amulet of reflection (around neck)
 m - an amulet of the acrobat
 o - a ring of ice
 s - a +4 ring of evasion (right hand)
 y - a ring of protection from cold
 C - an amulet of guardian spirit
Wands
 A - a wand of polymorph (6)
 D - a wand of flame (17)
Scrolls
 g - 3 scrolls of teleportation
 k - a scroll of summoning {unknown}
 l - 2 scrolls of enchant weapon {unknown}
 n - 5 scrolls of noise {unknown}
 u - a scroll of holy word {unknown}
 B - a scroll of enchant armour {unknown}
 F - a scroll of fear
 J - 2 scrolls of magic mapping {unknown}
Potions
 d - 2 potions of heal wounds
 h - 4 potions of curing
 i - a potion of ambrosia
 j - 6 potions of flight
 q - 2 potions of haste
 r - a potion of brilliance
 v - a potion of invisibility
 x - 2 potions of cancellation
 K - a potion of magic {unknown}
 L - a potion of lignification {unknown}


   Skills:
 + Level 7.8 Fighting
 + Level 11.4 Long Blades
 + Level 1.8 Throwing
 + Level 8.9 Armour
 - Level 2.0 Dodging
 - Level 0.6 Stealth
 + Level 10.8 Shields
 * Level 3.4 Invocations


You had 9 spell levels left.
You didn't know any spells.
Your spell library contained the following spells:

 Spells                   Type           Power      Damage    Failure   Level
 Dazzling Flash           Conj/Hex       0%         N/A       100%        3
 Summon Guardian Golem    Hex/Summ       0%         N/A       100%        3
 Agony                    Necr           0%         N/A       100%        5
 Freezing Cloud           Conj/Ice/Air   0%         6-21      100%        5
 Silence                  Hex/Air        0%         N/A       100%        5
 Simulacrum               Ice/Necr       0%         N/A       100%        6
 Orb of Destruction       Conj           0%         N/A       100%        7
 Spellforged Servitor     Conj/Summ      0%         N/A       100%        7
 Polar Vortex             Ice            0%         N/A       100%        9


Dungeon Overview and Level Annotations

Branches:
Dungeon (9/15)             Temple (1/1) D:7            Lair (0/6) D:8
    Orc: D:9-12

Altars:
Ashenzari
Cheibriados
Dithmenos
Elyvilon
Fedhas
Hepliaklqana
Kikubaaqudgha
Makhleb
Nemelex Xobeh
Okawaru
Qazlal
Ru
Sif Muna
Trog
Uskayaw
Vehumet
Wu Jian
Xom
Yredelemnul
Zin
The Shining One

Shops:
D:1 *


Innate Abilities, Weirdness & Mutations

You have a pair of horns on your head.
You reflexively headbutt those who attack you in melee.


Message History

The electric eel shoots out a bolt of lightning at you!
The bolt of electricity misses the electric eel.
The bolt of electricity hits you!
The electric eel shoots out a bolt of lightning at you!
The bolt of electricity hits you.
You closely miss the electric eel. Your headbutt misses the electric eel.
The electric eel shoots out a bolt of lightning at you!
The bolt of electricity hits you.
The electric eel shoots out a bolt of lightning at you!
The bolt of electricity hits the electric eel.
The electric eel completely resists.
The bolt of electricity hits you.
You completely miss the electric eel.
Unknown command.
The electric eel shoots out a bolt of lightning at you!
The bolt of electricity hits you.
You closely miss the electric eel. Your headbutt misses the electric eel.
The electric eel shoots out a bolt of lightning at you!
The bolt of electricity misses you.
You closely miss the electric eel. Your headbutt misses the electric eel.
The electric eel shoots out a bolt of lightning at you!
The bolt of electricity hits you!
The electric eel shoots out a bolt of lightning at you!
The bolt of electricity hits you!
* * * LOW HITPOINT WARNING * * *
Your shield and chain mail prevent you from hitting the electric eel.
The electric eel shoots out a bolt of lightning at you!
The bolt of electricity hits you.
* * * LOW HITPOINT WARNING * * *
As you read the scroll of teleportation, it crumbles to dust.
You feel strangely unstable.
The electric eel shoots out a bolt of lightning at you!
The bolt of electricity hits you.
* * * LOW HITPOINT WARNING * * *
Okay, then.
The electric eel shoots out a bolt of lightning at you!
The bolt of electricity hits you!
* * * LOW HITPOINT WARNING * * *
The electric eel shoots out a bolt of lightning at you!
The bolt of electricity hits you.
You die...

.#..######.........≈≈≈..
.#.......#.........P≈≈≈..
.#.......#........≈≈≈≈≈..
##.......#........≈≈≈≈...
#........#........≈≈≈≈..#
#........#.).......≈≈≈P..
#........#)......≈.≈≈≈≈≈.
#........#..)....;;≈≈≈≈≈.
#........#......@.≈≈≈≈≈≈.
#........#.......≈.P≈≈≈≈≈
'........#.........≈≈≈≈≈≈
#........#.........≈≈≈≈≈.
#........'.........P≈≈≈≈.
#........'.........≈≈≈≈≈≈
#........#........≈≈≈P≈;≈
#'########.........≈.≈≈≈≈
####...............≈.PP


You could see 3 electric eels.

Vanquished Creatures
  2 two-headed ogres (D:9)
  Pikel (D:4)
  Psyche (D:9)
  Maggie (D:6)
  Grinder (D:5)
  Sigmund (D:3)
  3 yaks (D:9)
  A steam dragon (D:9)
  3 vampire mosquitoes (D:7)
  Edmund (D:5)
  An acid dragon (D:9)
  2 water moccasins (D:8)
  2 orc warriors
  2 sky beasts
  A black bear (D:6)
  An ice beast (D:5)
  2 centaurs
  A phantom (D:5)
  2 kobold brigands
  A bullfrog (D:9)
  A wyvern zombie (D:9)
  A water moccasin zombie (D:5)
  2 water moccasin skeletons
  5 killer bees (D:9)
  5 wights (D:6)
  A howler monkey (D:4)
  A centaur zombie (D:7)
  3 orc priests (D:6)
  3 bullfrog skeletons
  2 jellies (D:8)
  4 iguanas
  Jessica (D:3)
  2 centaur skeletons
  4 orc wizards
  Natasha (thrice) (D:3)
  A killer bee zombie (D:5)
  2 howler monkey skeletons
  A gnoll (D:1)
  3 adders
  3 white imps
  An adder skeleton (D:4)
  A worm (D:5)
  3 dart slugs
  33 orcs
  5 ball pythons
  2 endoplasms
  2 giant cockroaches
  7 goblins
  A hobgoblin (D:2)
  6 jackals (D:1)
  10 kobolds
  5 quokkas
  A frilled lizard (D:2)
  3 rats
158 creatures vanquished.

Vanquished Creatures (others)
  A kobold brigand (D:9)
  A fungus (D:2)
  12 plants
14 creatures vanquished.

Grand Total: 172 creatures vanquished

Notes
Turn   | Place    | Note
-------+----------+-------------------------------------------
     0 | D:1      | alasdair19 the Minotaur Fighter began the quest for the
                  | Orb.
     0 | D:1      | Reached XP level 1. HP: 19/19 MP: 0/0
   235 | D:1      | Reached XP level 2. HP: 23/27 MP: 1/1
   455 | D:1      | Found Guveugos's Assorted Antiques.
   460 | D:1      | Reached XP level 3. HP: 32/33 MP: 2/2
  1060 | D:2      | Found a faded altar of an unknown god.
  1432 | D:3      | Reached skill level 3 in Long Blades
  1598 | D:3      | Noticed Natasha
  1600 | D:3      | Reached skill level 1 in Dodging
  1604 | D:3      | Killed Natasha
  1605 | D:3      | Reached XP level 4. HP: 37/40 MP: 3/3
  1775 | D:3      | Noticed Natasha
  1785 | D:3      | Killed Natasha
  1843 | D:3      | Noticed Sigmund
  1859 | D:3      | Killed Sigmund
  1860 | D:3      | Reached skill level 4 in Long Blades
  1860 | D:3      | Reached skill level 5 in Armour
  1860 | D:3      | Reached skill level 5 in Shields
  1860 | D:3      | Reached XP level 5. HP: 6/47 MP: 4/4
  1860 | D:3      | Reached XP level 6. HP: 7/53 MP: 5/5
  2366 | D:3      | Noticed Jessica
  2373 | D:3      | Killed Jessica
  2634 | D:4      | Noticed Pikel
  2670 | D:4      | Killed Pikel
  2671 | D:4      | Reached skill level 5 in Long Blades
  2671 | D:4      | Reached XP level 7. HP: 24/60 MP: 6/6
  2862 | D:3      | Noticed Natasha
  2870 | D:3      | Killed Natasha
  2871 | D:3      | Reached skill level 6 in Long Blades
  3377 | D:5      | Entered Level 5 of the Dungeon
  3483 | D:5      | Noticed Edmund
  3519 | D:5      | Killed Edmund
  3520 | D:5      | Reached skill level 5 in Fighting
  3520 | D:5      | Reached XP level 8. HP: 57/68 MP: 7/7
  3603 | D:5      | Found a bloodstained altar of Trog.
  3604 | D:5      | Found a hide-covered altar of Uskayaw.
  3606 | D:5      | Found a stormy altar of Qazlal.
  3606 | D:5      | Found an ornate altar of the Wu Jian Council.
  4023 | D:5      | Reached skill level 7 in Long Blades
  4147 | D:5      | Noticed Grinder
  4166 | D:5      | Paralysed by Grinder for 5 turns
  4172 | D:5      | Paralysed by Grinder for 2 turns
  4175 | D:5      | Killed Grinder
  4545 | D:1      | Bought a scroll of identify for 62 gold pieces
  4545 | D:1      | Bought a scroll of identify for 62 gold pieces
  4727 | D:6      | Reached skill level 8 in Long Blades
  4792 | D:6      | Noticed Maggie
  4810 | D:6      | Killed Maggie
  4937 | D:6      | Reached XP level 9. HP: 68/75 MP: 8/8
  5037 | D:6      | Reached skill level 9 in Long Blades
  5215 | D:6      | Found a hazy altar of Hepliaklqana.
  5636 | D:7      | Found a snail-covered altar of Cheibriados.
  5826 | D:7      | Reached skill level 1 in Throwing
  6055 | D:7      | Found a basalt altar of Yredelemnul.
  6134 | D:7      | Reached skill level 10 in Long Blades
  6143 | D:7      | Found a staircase to the Ecumenical Temple.
  6154 | Temple   | Entered the Ecumenical Temple
  6341 | Temple   | Became a worshipper of Warmaster Okawaru
  6677 | D:8      | Reached skill level 10 in Shields
  6855 | D:8      | Reached skill level 1 in Invocations
  6948 | D:8      | Found a staircase to the Lair.
  7290 | D:9      | Reached XP level 10. HP: 84/86 MP: 9/9
  7471 | D:9      | Noticed a two-headed ogre
  7480 | D:9      | Killed a two-headed ogre
  7480 | D:9      | Reached * piety under Okawaru
  7596 | D:9      | Noticed Psyche
  7606 | D:9      | Killed Psyche
  7865 | D:9      | Reached skill level 11 in Long Blades
  8073 | D:9      | Reached ** piety under Okawaru
  8093 | D:9      | Noticed a two-headed ogre
  8103 | D:9      | Killed a two-headed ogre
  8129 | D:9      | Noticed a two-headed ogre
  8173 | D:9      | HP: 2/88 [electric eel/bolt of electricity (14)]
  8173 | D:9      | Killed from afar by an electric eel

Illustrated notes

Levels and vault maps discovered:
D:1:      lemuel_arrival_behind_the_door_small, layout_basic, serial_shops,
          nicolae_shop_stone, minmay_box_of_dots
D:2:      layout_loops_ring, shapermc_ecumenical_altar_mp_ritualfount,
          minivault_26
D:3:      layout_basic, grunt_ministairs_12, uniq_natasha, uniq_sigmund,
          uniq_jessica
D:4:      layout_cave_pools, minmay_misc_feat_ornament, uniq_pikel
D:5:      layout_loops_corners, chequers_temple_overflow_statue_of_worship,
          uniq_edmund, uniq_grinder
D:6:      layout_rooms, mainiacjoe_overflow_six_doors_small, uniq_maggie
D:7:      layout_rooms, lemuel_round_altar, cheibriados_altar_1,
          minmay_temple_entry_arrows, hangedman_abyss_or_decor_stabs
D:8:      layout_rooms, lair_entry_dummy
D:9:      layout_irregular_city, chequers_decorated_corner, chequers_big_river,
          uniq_psyche
Temple:   regret_index_temple_generic_petals

Skill      XL: |  1  2  3  4  5  6  7  8  9 10 |
---------------+-------------------------------+-----
Armour         | 4 5 6 7 8 |  8.9
Shields        | 4 5 6 7 8 10 | 10.8
Long Blades    | 3 4 5 6 8 10 11 | 11.4
Fighting       | 4 5 7 |  7.8
Dodging        | 1 2 |  2.0
Throwing       | 1 |  1.8
Invocations    | 1 3 |  3.4
Stealth        | |  0.6

Action                   |  1- 3 |  4- 6 |  7- 9 | 10-12 || total
-------------------------+-------+-------+-------+-------++-------
Melee: Long sword        |    89 |    47 |   135 |       ||   271
       Headbutt          |    13 |     8 |    72 |    15 ||   108
       Scimitar          |       |       |   203 |    74 ||   277
Throw: Boomerang         |       |       |     5 |     9 ||    14
  Use: Scroll            |     5 |     1 |     6 |     2 ||    14
       Potion            |       |     2 |     1 |     2 ||     5
Armor: Scale mail        |    21 |     6 |     1 |       ||    28
       Chain mail        |       |       |    58 |    16 ||    74
Dodge: Dodged            |    17 |    10 |    78 |    13 ||   118
Block: Kite shield       |    68 |    42 |   240 |    46 ||   396
       Reflection        |     1 |     1 |     7 |       ||     9
       Rpst.: Long sword |     8 |     2 |    13 |       ||    23
       Scimitar          |       |       |    15 |     3 ||    18
